 Dungeon Crawl Stone Soup version 0.29-a0-1023-g6ae1a4a2c7 (webtiles) character file.

Game seed: 1613707611913792919

203 Newt the Cudgeller (level 5, -9/40 HPs)
             Began as a Draconian Artificer on Aug 11, 2022.
             Blown up by Pikel (14 damage)
             ... with a mindburst bolt
             ... on level 4 of the Dungeon.
             The game lasted 00:05:24 (3934 turns).

Newt the Cudgeller (Draconian Artificer)            Turns: 3934, Time: 00:05:25

Health: -9/40      AC:  5    Str: 16    XL:     5   Next: 51%
Magic:  5/5        EV: 11    Int: 12    God:
Gold:   186        SH:  5    Dex: 11    Spells: 4/4 levels left

rFire   . . .      SeeInvis .   s - +2 club (spect)
rCold   . . .      Faith    +   w - +2 buckler
rNeg    . . .      Spirit   .   (body armour unavailable)
rPois   .          Reflect  .   (helmet restricted)
rElec   .          Harm     .   (no cloak)
rCorr   .          Rampage  .   (no gloves)
Will    .....                   (no boots)
Stlth   +.........              h - amulet of faith
HPRegen 0.13/turn               (no ring)
MPRegen 0.09/turn               (no ring)

@: no status effects
A: AC +5, unfitting armour, cold-blooded
a: no special abilities


You were on level 4 of the Dungeon.
You visited 1 branch of the dungeon, and saw 4 of its levels.

You collected 186 gold pieces.

Inventory:

Hand Weapons
 a - a +0 club
 n - a +1 flail
 s - a +2 spectral club (weapon)
Armour
 w - a +2 buckler (worn)
Jewellery
 h - an amulet of faith (around neck)
Wands
 b - a wand of flame (1) (quivered)
 c - a wand of charming (15)
 d - a wand of iceblast (7)
Scrolls
 t - a scroll of vulnerability
 u - 2 scrolls of teleportation
 v - a scroll of poison
Potions
 e - a potion of resistance {unknown}
 f - a potion of flight {unknown}
 g - 2 potions of haste
 i - 3 potions of attraction
 j - 2 potions of magic {unknown}
 k - a potion of berserk rage {unknown}
 l - a potion of mutation {unknown}
 o - a potion of heal wounds {unknown}
 p - a potion of might {unknown}
 q - 2 potions of curing {unknown}
 r - 2 potions of lignification {unknown}


   Skills:
 - Level 1.1 Fighting
 + Level 5.3 Maces & Flails
 - Level 2.1 Dodging
 - Level 0.8 Stealth
 - Level 3.0 Evocations


You had 4 spell levels left.
You didn't know any spells.
Your spell library contained the following spells:

 Spells                   Type           Power      Damage    Failure   Level
 Apportation              Tloc           0%         N/A       41%         1
 Necrotise                Necr           0%         1d4       41%         1
 Summon Small Mammal      Summ           0%         N/A       41%         1
 Ignite Poison            Fire/Tmut/Pois 0%         N/A       80%         3
 Mephitic Cloud           Conj/Pois/Air  0%         N/A       80%         3
 Freezing Cloud           Conj/Ice/Air   0%         6-21      100%        5


Dungeon Overview and Level Annotations

Branches:
Dungeon (4/15)
 Temple: D:4-7

Altars:
Okawaru

Shops:
D:2 [   D:3 [

Annotations:
D:4 Pikel


Innate Abilities, Weirdness & Mutations

Your plain brown scales are hard. (AC +5)
You cannot fit into any form of body armour.
You are cold-blooded and may be slowed by cold attacks.


Message History

Found a scroll of enchant weapon.
A quokka comes into view.
You hit the lemure but do no damage.
Your +2 spectral club hits the lemure.
The lemure hits you!
You hit the lemure.
The lemure is moderately wounded.
Your +2 spectral club hits the lemure!
Pikel cracks his whip.
You hit Pikel but do no damage.
Pikel is heavily wounded.
Your +2 spectral club hits Pikel but does no damage.
You hit Pikel.
Pikel is severely wounded.
Your +2 spectral club hits Pikel!
Pikel barely misses your +2 spectral club.
You closely miss Pikel.
Pikel is almost dead.
Your +2 spectral club barely misses Pikel.
Pikel hits you with a +2 whip of flaming!
Pikel burns you.
You closely miss Pikel. You tail-slap Pikel, but do no damage.
Pikel is almost dead.
Your +2 spectral club hits Pikel.
Pikel hits you with a +2 whip of flaming!
Pikel burns you.
Pikel hits you with a +2 whip of flaming!
* * * LOW HITPOINT WARNING * * *
Pikel burns you.
* * * LOW HITPOINT WARNING * * *
Unknown command.
You hit Pikel but do no damage. You tail-slap Pikel, but do no damage.
Pikel is almost dead.
Your +2 spectral club hits Pikel but does no damage.
Pikel barely misses you.
Unknown command.
You hit Pikel.
Pikel is almost dead.
Your +2 spectral club barely misses Pikel.
Pikel zaps a wand.
Your mind is blasted!
You die...

.#######.....#.........#
..'..........#.....##..#
..#..........#.....##..#
.##..###.##..###...##...#
)##.###.###.###.#####...#
.#...............#.....##
...##.###.###.##...#
.#.#...........#.#.#
.#...##.###.##.(@##
##.#.#.......#.#K#5...?.
...#...##.##...#h55r....
.#.#.#.#...#.#.#.#5....#
.#...#...#...#...#.....#
##.#.#.#...#.#.#.#......
#..#...##.##...#...##...
##.#.#.......#.#.# ..#
##...##.###.##...


You could see Pikel, 4 lemures, a hound, a quokka and a friendly +2 spectral
club (summoned).

Vanquished Creatures
  A phantom (D:4)
  Jessica (D:3)
  An adder (D:4)
  2 worms
  8 orcs (D:3)
  5 endoplasms
  3 giant cockroaches
  10 goblins
  10 hobgoblins
  5 quokkas
  6 ball pythons
  6 bats
  6 frilled lizards
  9 kobolds
  7 rats
80 creatures vanquished.

Vanquished Creatures (collateral kills)
  A ball python (D:1)
1 creature vanquished.

Grand Total: 81 creatures vanquished

Notes
Turn   | Place    | Note
-------+----------+-------------------------------------------
     0 | D:1      | Newt the Draconian Artificer began the quest for the Orb.
     0 | D:1      | Reached XP level 1. HP: 16/16 MP: 1/1
    45 | D:1      | Reached skill level 1 in Maces & Flails
   210 | D:1      | Reached XP level 2. HP: 15/23 MP: 2/2
   453 | D:1      | Reached skill level 2 in Maces & Flails
   755 | D:1      | Found a faded altar of an unknown god.
  1324 | D:2      | Reached XP level 3. HP: 26/28 MP: 3/3
  1435 | D:2      | Found Uryfus's Armour Shop.
  1513 | D:2      | Reached skill level 3 in Maces & Flails
  1804 | D:2      | You fall into a shaft and drop 1 floor!
  2215 | D:3      | Found Qiovinn's Armour Emporium.
  2927 | D:3      | Reached XP level 4. HP: 34/35 MP: 4/4
  3019 | D:3      | Noticed Jessica
  3044 | D:3      | Killed Jessica
  3045 | D:3      | Reached skill level 4 in Maces & Flails
  3426 | D:3      | Found an iron altar of Okawaru.
  3762 | D:4      | Noticed a phantom
  3770 | D:4      | Killed a phantom
  3771 | D:4      | Reached skill level 5 in Maces & Flails
  3771 | D:4      | Reached XP level 5. HP: 36/40 MP: 5/5
  3922 | D:4      | Noticed a lemure
  3922 | D:4      | Noticed a lemure
  3923 | D:4      | Noticed Pikel
  3923 | D:4      | Noticed a lemure
  3925 | D:4      | Noticed a lemure
  3934 | D:4      | Blown up by Pikel

Illustrated notes

Levels and vault maps discovered:
D:1:      minmay_arrival_three_doors, layout_rooms, shapermc_ecumenical_altar_gd
D:2:      layout_loops_ring, serial_shops, nicolae_shop_advertising_works
          [nicolae_subvault_shop_adworks], st_stairs_14, hex_large,
          minmay_close_crescents
D:3:      layout_rooms, okawaru_ov_weapons_minmay, serial_shops, shop_fountains,
          uniq_jessica
D:4:      layout_gridville, nicolae_concentric_dashed_squares_wild, uniq_pikel

Skill      XL: |  1  2  3  4 |
---------------+-------------+-----
Maces & Flails | 1 2 3 5 |  5.3
Fighting       | |  1.1
Dodging        | |  2.1
Stealth        | |  0.8
Evocations     | |  3.0

Action                   |  1- 3 |  4- 6 || total
-------------------------+-------+-------++-------
Melee: Club              |   123 |    40 ||   163
       Tailslap          |    18 |     6 ||    24
       Punch             |     1 |       ||     1
       Flail             |    33 |    17 ||    50
Evoke: Wand              |    11 |     5 ||    16
  Use: Scroll            |     4 |     4 ||     8
 Stab: Sleeping          |     3 |       ||     3
Armor: Skin              |    51 |    20 ||    71
Dodge: Dodged            |    95 |    31 ||   126
Block: Buckler           |       |     4 ||     4

Table legend: (Time is in decaauts)
 A = Elapsed time spent in this place.
 B = Non-inter-level travel time spent in this place.
 C = Inter-level travel time spent in this place.
 D = Time resting spent in this place.
 E = Time spent auto-exploring this place.
 F = Levels seen in this place.
 G = Mean time per level.
                   A        B        C        D        E       F      G
               +--------+--------+--------+--------+--------+-----+--------+
         Total |   3975 |   3888 |     87 |    961 |   2379 |   4 |  993.8 |
       Dungeon |   3975 |   3888 |     87 |    961 |   2379 |   4 |  993.8 |
               +--------+--------+--------+--------+--------+-----+--------+

Top non-repeatable levels by time:
     D:3: 1339 daAuts
     D:1: 1190 daAuts
     D:2: 1167 daAuts
     D:4: 277 daAuts
